 Dungeon Crawl Stone Soup version 0.29.0-7-g18a832c13a (webtiles) character file.

Game seed: 2899307846046422188

8 sanka the Slasher (level 2, -5/25 HPs)
             Began as a Djinni Chaos Knight on Aug 31, 2022.
             Slain by a soul eater (20 damage)
             ... summoned by Xom
             ... on level 1 of the Dungeon.
             The game lasted 00:00:29 (412 turns).

sanka the Slasher (Djinni Chaos Knight)              Turns: 412, Time: 00:00:30

Health: -5/25      AC:  5    Str: 11      XL:     2   Next: 15%
Gold:   20         EV: 11    Int: 13      God:
                   SH:  0    Dex: 11 (12)

rFire   + + .      SeeInvis .   a - +0 falchion (chaos)
rCold   x . .      Faith    .   (no shield)
rNeg    . . .      Spirit   .   b - +2 leather armour
rPois   ∞          Reflect  .   (no helmet)
rElec   .          Harm     .   (no cloak)
rCorr   .          Rampage  .   (no gloves)
Will    .....                   (boots unavailable)
Stlth   +.........              (no amulet)
HPRegen 0.08/turn               (no ring)
MPRegen 0.00/turn               (no ring)

@: flying
A: sickness immunity, fire resistance 2, cold vulnerability 1, float, innate
caster, HP casting, extra vitality 1
a: no special abilities


You were on level 1 of the Dungeon.
You visited 1 branch of the dungeon, and saw 1 of its levels.

You collected 20 gold pieces.


Innate Abilities, Weirdness & Mutations

You are immune to sickness and miasma.
You are immune to poison.
Your flesh is very heat resistant. (rF++)
You are vulnerable to cold. (rC-)
You float through the air rather than walking.
You learn spells naturally, not from books.
Your magical power is your life essence.
You have superior vitality. (+4 MHP)


   Skills:
 - Level 3.0 Fighting
 + Level 3.2 Long Blades
 - Level 1.0 Armour
 - Level 2.1 Dodging


You had one spell level left.
You didn't know any spells.
Your spell library was empty.

Inventory:

Hand Weapons
 a - a +0 falchion of chaos (weapon)
Armour
 b - a +2 leather armour (worn)
Miscellaneous
 c - a piece from Xom's chessboard (15/15) (quivered)

Dungeon Overview and Level Annotations

Branches:
Dungeon (1/15)

Altars:

▒.......▒▒▒▒▒▒▒♣..♣♣
▒.......▒▒▒▒▒ ♣.P.♣
▒...........▒▒▒♣..♣♣
▒.......▒▒....▒♣PP.♣
▒........▒..▒(▒♣♣♣.♣
▒........▒..▒ ♣.P♣
▒▒▒▒▒▒▒▒....▒ ♣5♣♣
▒....▒.▒.▒▒▒5▒
▒....3.5.45R3▒ ▒
▒....▒▒▒▒▒▒5▒▒.▒
PP♣.P▒▒▒▒.....▒.54..


.PPP♣ ▒▒▒▒▒.▒.▒.▒▒▒ P.P. ▒........... P.. ▒......▒▒.▒▒ .♣♣ ▒▒▒▒▒.........▒
▒▒▒▒▒▒.......▒▒▒▒▒▒▒ ......▒▒▒....▒▒....▒ You could see a soul eater (summoned),
an orange demon (summoned), a rust devil (summoned), a ynoxinul (summoned), a
quasit (summoned), a white imp (summoned), 3 shadow imps and an ufetubus
(summoned).


Message History

No target in view! "Fight to survive, mortal."
Unknown command.
Unknown command.
You aren't carrying any scrolls.
You slash the ynoxinul!
The ynoxinul is moderately wounded.
Unknown command.
You hit the ynoxinul.
The ynoxinul is moderately wounded.
The ynoxinul blinks!
The quasit bites you.
You feel clumsy. The quasit barely misses you. The quasit closely misses you.
The shadow imp grins evilly.
The soul eater barely misses you.
The shadow imp shouts, "Bolt, thou odious ruttish clack-dish!"
The orange demon stings you but does no damage.
The ynoxinul gestures.
You closely miss the shadow imp. The quasit closely misses you.
The quasit barely misses you.
The quasit claws you but does no damage.
The shadow imp barely misses you. The orange demon stings you from afar!
The shadow imp closely misses you. The soul eater hits you!!
Ouch! That really hurt!
You die...

Action                   || total
-------------------------++-------
Melee: Falchion          ||    20
       Punch             ||     1
Invok: Renounce Religion ||     1
Armor: Leather armour    ||    11
Dodge: Dodged            ||    13

Levels and vault maps discovered:
D:1:      minmay_arrival_arboretum_small, layout_basic, serial_forest,
          infiniplex_forest_clump_double, infiniplex_forest_zigzag_1,
          infiniplex_forest_clump_large, infiniplex_forest_clump_tiny,
          infiniplex_forest_lined_room_2, infiniplex_forest_lined_corner,
          infiniplex_forest_lined_room_, nicolae_ecumenical_snake_handling,
          minmay_pentomino_x2

Notes
Turn   | Place    | Note
-------+----------+-------------------------------------------
     0 | D:1      | sanka the Djinni Chaos Knight began the quest for the Orb.
     0 | D:1      | Reached XP level 1. HP: 20/20 MP: 0/0
     2 | D:1      | Fell from the grace of Xom
   145 | D:1      | Reached skill level 3 in Long Blades
   201 | D:1      | Reached XP level 2. HP: 11/25 MP: 0/0
   409 | D:1      | XOM: summons 9 hostile demons
   410 | D:1      | Noticed a soul eater
   410 | D:1      | Noticed an orange demon
   410 | D:1      | Noticed a ynoxinul
   410 | D:1      | Noticed a rust devil
   410 | D:1      | Noticed a quasit
   412 | D:1      | Slain by a soul eater

Vanquished Creatures
  A ball python (D:1)
  2 endoplasms (D:1)
  A quokka (D:1)
  A bat (D:1)
  2 frilled lizards (D:1)
  A goblin (D:1)
8 creatures vanquished.
